 Dungeon Crawl Stone Soup version 0.19.0 (webtiles) character file.

51 varam the Sneak (level 3, -6/25 HPs)
             Began as an Octopode Assassin on Nov 1, 2016.
             Killed from afar by an orc wizard (8 damage)
             ... with a puff of frost
             ... on level 3 of the Dungeon.
             The game lasted 00:02:23 (2128 turns).

varam the Sneak (Octopode Assassin)                 Turns: 2128, Time: 00:02:24

Health: -6/25      AC:  1    Str: 10    XL:     3   Next: 81%
Magic:  3/3        EV: 10    Int: 14    God:
Gold:   142        SH:  6    Dex: 13    Spells: 0 memorised, 2 levels left

rFire  . . .     SeeInvis .       - Unarmed
rCold  . . .     Gourm    .     r - +0 shield (curse)
rNeg   . . .     Faith    .     (helmet restricted)
rPois  .         Spirit   .     (no amulet)
rElec  .         Reflect  .     (no ring)
rCorr  .         Harm     .     (no ring)
MR     .....                    (no ring)
Stlth  ++++......               (no ring)
                                (no ring)
                                (no ring)
                                (no ring)
                                (no ring)

@: no status effects
A: almost no armour, stealthy swim, amphibious, 8 rings, constrict 8, camouflage
1, gelatinous body 1
a: no special abilities


You were on level 3 of the Dungeon.
You were not hungry.

You visited 1 branch of the dungeon, and saw 3 of its levels.

You collected 142 gold pieces.

Inventory:

Hand Weapons
 a - a +2 dagger
 b - a +0 blowgun
Missiles
 c - 8 poisoned needles
 d - 2 curare-tipped needles
 p - 19 stones (quivered)
Armour
 r - a cursed +0 shield (worn)
Wands
 t - a wand of iceblast (9/15)
Scrolls
 e - 2 scrolls of identify {unknown}
 g - a scroll of blinking {unknown}
 o - 2 scrolls of remove curse {unknown}
 q - a scroll of teleportation {unknown}
 s - a scroll of immolation {unknown}
Potions
 h - a potion of magic {unknown}
 i - 3 potions of flight {unknown}
 j - a potion of agility {unknown}
 k - a potion of curing {unknown}
 l - a potion of resistance {unknown}
Comestibles
 f - 3 bread rations
 m - 2 meat rations
 n - 2 fruits


   Skills:
 + Level 2.4 Fighting
 - Level 2.0 Short Blades
 - Level 2.0 Throwing
 - Level 1.0 Dodging
 - Level 5.3 Stealth
 * Level 3.0 Unarmed Combat


You had 2 spell levels left.
You didn't know any spells.

Dungeon Overview and Level Annotations

Branches:
Dungeon (3/15)

Altars:


Innate Abilities, Weirdness & Mutations

You cannot wear most types of armour.
You are very stealthy in the water. (Stealth+)
You are amphibious.
You can wear up to eight rings at the same time.
You can use your tentacles to constrict eight enemies at once.
Your skin changes colour to match your surroundings (Stealth+).
Your rubbery body absorbs attacks. (AC +1, EV +1)


Message History

You tentacle-slap the orc wizard but do no damage.
The orc wizard is heavily wounded.
You constrict the orc wizard.
The orc hits you from afar with a trident.
* * * LOW HITPOINT WARNING * * *
The orc wizard casts a spell at you. The puff of frost misses you.
The orc barely misses you.
You tentacle-slap the orc wizard but do no damage.
You squeeze the orc wizard.
The orc wizard is severely wounded.
You constrict the orc wizard.
The orc hits you from afar with a trident.
* * * LOW HITPOINT WARNING * * *
The orc wizard hits you but does no damage.
You block the orc's attack.
You release your grip on the orc wizard.
The orc wizard begins to cast a cantrip, but forgets the words!
The orc wizard gestures at you while chanting.
The puff of frost hits you!
You die...

................
.......<.##
##.#..##..#.###
#.#<...........
..###.#..##..#.####
.............# #
...##.#..##..#.#
.........##.....
...##...@##..#.#
.........##..#.##
.......!..o......
....#.....oo...##
....#.##.#.......
...... ..........
.#..#.##.#?#.#.##
..... ..#.#.# # ..
....# #


You could see an orc wizard.

Vanquished Creatures
  A dart slug (D:1)
  A leopard gecko (D:2)
  An orc (D:3)
  A ball python (D:2)
  2 giant cockroaches (D:2)
  5 goblins
  8 hobgoblins
  3 jackals (D:2)
  4 kobolds
  A quokka (D:2)
  6 bats
  4 frilled lizards
  5 rats
42 creatures vanquished.

Notes
Turn   | Place    | Note
-------+----------+-------------------------------------------
     0 | D:1      | varam the Octopode Assassin began the quest for the Orb.
     0 | D:1      | Reached XP level 1. HP: 14/14 MP: 1/1
   250 | D:1      | Reached skill level 1 in Unarmed Combat
   286 | D:1      | Reached XP level 2. HP: 12/19 MP: 2/2
   774 | D:1      | Reached skill level 2 in Unarmed Combat
   911 | D:2      | Reached XP level 3. HP: 24/25 MP: 3/3
  2120 | D:3      | Reached skill level 3 in Unarmed Combat
  2126 | D:3      | HP: 2/25 [orc/trident (3)]
  2128 | D:3      | Killed from afar by an orc wizard

Skill      XL: |  1  2  3 |
---------------+----------+-----
Unarmed Combat | 1 2 3 |  3.0
Fighting       | |  2.4
Short Blades   | |  2.0
Throwing       | |  2.0
Dodging        | |  1.0
Stealth        | |  5.3

Action                   || total
-------------------------++-------
Melee: Unarmed           ||    96
       Constrict         ||    32
       Tentacles         ||    16
 Stab: Sleeping          ||    17
  Eat: Chunk             ||     4
Armor: Skin              ||     8
Dodge: Dodged            ||    43
Block: Shield            ||    17
